 Dungeon Crawl Stone Soup version 0.26-a0-660-gc07710193c (webtiles) character file.

Game seed: 392058669935862945

24175 jiml777 the Thaumaturge (level 13, -1/101 HPs)
             Began as a Gnoll Warper on Oct 6, 2020.
             Was an Initiate of Gozag.
             Slain by Melum's ghost (7 damage)
             ... on level 4 of the Lair of Beasts.
             The game lasted 01:39:57 (14359 turns).

jiml777 the Thaumaturge (Gnoll Warper)             Turns: 14359, Time: 01:39:59

Health: -1/101     AC: 13    Str: 14    XL:     13   Next: 11%
Magic:  23/26      EV: 17    Int: 24    God:    Gozag
Gold:   1547       SH:  6    Dex: 15    Spells: 12/31 levels left

rFire    + . .     SeeInvis .   M - +8 spear of Prudence {venom, Int+4}
rCold    + . .     Faith    .   V - +0 buckler
rNeg     . . .     Spirit   .   p - +2 acid dragon scales
rPois    .         Reflect  .   Y - +2 hat
rElec    .         Harm     .   a - scarf {rC+ rF+}
rCorr    +         Rampage  .   (no gloves)
MR       .....                  U - +0 pair of boots
Stlth    +++.......             q - amulet of regeneration
HPRegen  0.66/turn              G - +4 ring of slaying
MPRegen  0.20/turn              h - ring of wizardry

@: gold aura
A: distributed training, fangs 1, strong nose
a: Potion Petition, Call Merchant, Bribe Branch, Renounce Religion


You were on level 4 of the Lair of Beasts.
You worshipped Gozag.
Gozag was most pleased with you.
You visited 3 branches of the dungeon, and saw 15 of its levels.
You also visited: Sewer.

You collected 2012 gold pieces.
You spent 336 gold pieces at shops.
You paid 129 gold pieces to Gozag.

Inventory:

Hand Weapons
 i - a +3 hand axe of freezing
 A - a +1 halberd of pain
 C - a +3 spear
 D - a +2 short sword of venom
 F - a +2 vorpal flail
 M - the +8 spear of Prudence (weapon) {venom, Int+4}
   (You found it on level 8 of the Dungeon)

   It poisons the flesh of those it strikes.
   It affects your intelligence (+4).
 X - a +0 broad axe
Missiles
 b - 52 sling bullets
 c - 102 poisoned darts
 e - 5 boomerangs of dispersal (quivered)
 g - 274 arrows
 v - 9 boomerangs
 y - 111 bolts
Armour
 a - a scarf of resistance (worn)
 f - a +0 plate armour of magic resistance
 p - +2 acid dragon scales (worn)
 U - a +0 pair of boots (worn)
 V - a +0 buckler (worn)
 Y - a +2 hat (worn)
Jewellery
 h - a ring of wizardry (right hand)
 q - an amulet of regeneration (around neck)
 r - a +6 ring of intelligence
 s - an uncursed ring of stealth
 x - an uncursed ring of flight
 G - a +4 ring of slaying (left hand)
 N - an uncursed ring of protection from magic
 R - an uncursed amulet of reflection
 S - an uncursed ring of protection from cold
Wands
 n - a wand of iceblast (8)
 I - a wand of acid (10)
 T - a wand of enslavement (6)
 W - a wand of disintegration (11)
Scrolls
 d - a scroll of blinking
 k - 3 scrolls of amnesia
 o - 13 scrolls of remove curse
 t - 3 scrolls of fog
 u - 8 scrolls of teleportation
 E - 3 scrolls of magic mapping
 K - a scroll of brand weapon {unknown}
 O - a scroll of summoning
 P - 2 scrolls of enchant weapon
Potions
 j - 6 potions of curing
 l - a potion of mutation
 m - 2 potions of cancellation
 w - 3 potions of lignification
 z - 2 potions of flight
 B - 3 potions of magic
 H - 4 potions of haste
 J - 2 potions of brilliance
 L - 2 potions of stabbing
 Q - 3 potions of heal wounds


   Skills:
 + Level 9.2 Fighting
 + Level 8.0 Short Blades
 + Level 8.0 Long Blades
 + Level 9.2 Axes
 + Level 8.0 Maces & Flails
 + Level 8.0 Polearms
 + Level 8.0 Staves
 + Level 8.0 Slings
 + Level 8.0 Bows
 + Level 8.0 Crossbows
 + Level 8.4 Throwing
 + Level 8.4 Armour
 + Level 9.2 Dodging
 + Level 8.0 Stealth
 + Level 8.0 Shields
 + Level 8.0 Unarmed Combat
 + Level 9.5 Spellcasting
 + Level 6.6 Conjurations
 + Level 6.6 Hexes
 + Level 6.6 Summonings
 + Level 6.6 Necromancy
 + Level 8.7 Translocations
 + Level 6.6 Transmutations
 + Level 6.6 Fire Magic
 + Level 6.6 Ice Magic
 + Level 6.6 Air Magic
 + Level 6.6 Earth Magic
 + Level 6.6 Poison Magic
 + Level 8.7 Invocations
 + Level 8.0 Evocations


You had 12 spell levels left.
You knew the following spells:

 Your Spells              Type           Power        Failure   Level
a - Blink                 Tloc           N/A          1%          2
b - Gell's Gravitas       Tloc           ######....   1%          3
c - Teleport Other        Tloc           ######..     1%          3
d - Slow                  Hex            #####...     1%          2
e - Magic Dart            Conj           ####         1%          1
f - Passage of Golubria   Tloc           N/A          1%          4
g - Summon Lightning Spi  Summ/Air       #####...     1%          4

Your spell library contained the following spells:

 Spells                   Type           Power        Failure   Level
 Animate Skeleton         Necr           #####.       1%          1
 Apportation              Tloc           ######       1%          1
 Beastly Appendage        Tmut           #####.       1%          1
 Corona                   Hex            #####..      1%          1
 Summon Small Mammal      Summ           ####         1%          1
 Call Imp                 Summ           #####...     1%          2
 Ensorcelled Hibernation  Hex/Ice        #####.       1%          2
 Wereblood                Tmut           #####...     1%          2
 Call Canine Familiar     Summ           #####...     1%          3
 Confusing Touch          Hex            #####...     1%          3
 Conjure Flame            Conj/Fire      #####...     1%          3
 Dazzling Flash           Conj/Hex       #####.       1%          3
 Lesser Beckoning         Tloc           ######....   1%          3
 Mephitic Cloud           Conj/Pois/Air  #####...     1%          3
 Spider Form              Tmut/Pois      #####.....   1%          3
 Summon Guardian Golem    Hex/Summ       #####...     1%          3
 Tukima's Dance           Hex            #####...     1%          3
 Ice Form                 Ice/Tmut       #####...     1%          4
 Summon Ice Beast         Ice/Summ       #####...     1%          4
 Blade Hands              Tmut           #####.....   5%          5


Dungeon Overview and Level Annotations

Branches:
Dungeon (10/15)            Temple (1/1) D:6            Lair (4/6) D:8
  Swamp (0/4) Lair:2        Snake (0/4) Lair:3        Sewer (visited)
    Orc: D:9-12

Altars:
Ashenzari
Cheibriados
Dithmenos
Elyvilon
Fedhas
Gozag
Hepliaklqana
Kikubaaqudgha
Makhleb
Nemelex Xobeh
Okawaru
Qazlal
Ru
Sif Muna
Trog
Uskayaw
Vehumet
Wu Jian
Xom
Yredelemnul
Zin
The Shining One

Shops:
D:7 ?

Annotations:
D:3 Blork the orc
Lair:4 Melum's ghost, journeyman MiHu


Innate Abilities, Weirdness & Mutations

Your experience applies equally to all skills.
You have very sharp teeth.
Your uncanny sense of smell can sniff out nearby items.


Message History

The wyvern completely misses you.
You puncture the wyvern!
The wyvern looks as sick as possible!
The wyvern is moderately wounded.
The wyvern barely misses you.
You puncture the wyvern!
The wyvern looks as sick as possible!
The wyvern is severely wounded.
The wyvern bites you!
You puncture the wyvern!
You kill the wyvern!
You completely miss the cane toad.
The cane toad is moderately wounded.
You closely miss Melum's ghost. The cane toad misses you.
You puncture Melum's ghost!
You bite Melum's ghost, but do no damage.
Melum's ghost is lightly damaged.
Melum's ghost hits you!!
* * * LOW HITPOINT WARNING * * *
Melum's ghost freezes you!
You die...
Your body crumbles into a pile of gold.

............... .....
............... .....
........... #.... .......
###. ##...## #. #.....## ###
#. ###......########.#####
#. #.......#.#F#..#....#.#
##. ###......YW@.........##
##P. #...(...F#########.##
#... #......#.#.....(.#..#
##...
##.....∆#F#.(#.#.$#.####....
#........F#.:.#...'.P#.....#
##........#.!.....'..P....##
##........#.?.#...'...P...P#
#.........#..#.#..#.....####
#.........#.......#.....#


You could see an elephant (very poisoned), a cane toad, a bullfrog and Melum's
ghost.

Vanquished Creatures
  A boulder beetle (Lair:4)
  6 hydras
  3 two-headed ogres
  2 unseen horrors
  An oklob plant (Lair:1)
  An ugly thing (D:9)
  A deep elf mage (D:9)
  A cyclops (D:10)
  5 elephants (Lair:2)
  3 black mambas
  Maggie (D:7)
  4 cane toads
  6 komodo dragons
  3 blink frogs (Lair:4)
  3 wyverns
  8 yaks
  Grum (D:10)
  A soldier ant (D:10)
  3 nagas (Lair:3)
  7 water moccasins
  An orc warrior (D:9)
  6 black bears
  A necrophage (D:8)
  An eye of draining (D:9)
  4 ice beasts
  5 ogres
  4 phantoms
  A sky beast (D:8)
  9 wolves
  4 centaurs
  A big kobold (D:8)
  7 bullfrogs
  A wyvern zombie (D:6)
  A gnoll sergeant (D:4)
  4 scorpions
  11 wights
  4 howler monkeys
  A jelly (D:8)
  3 bullfrog zombies
  2 orc priests (D:9)
  3 hounds
  2 centaur skeletons
  Ijyb (D:5)
  2 iguanas
  7 worker ants
  Natasha (thrice) (D:2)
  6 orc wizards
  A hound skeleton (D:8)
  A howler monkey zombie (D:5)
  Robin (D:3)
  A howler monkey skeleton (D:4)
  13 adders
  17 gnolls
  3 shadow imps
  A white imp (D:5)
  4 ufetubi
  3 oozes
  An adder zombie (D:6)
  An adder skeleton (D:10)
  3 worms
  3 leopard geckos
  20 orcs
  5 giant cockroaches
  9 goblins
  9 hobgoblins
  12 jackals
  7 quokkas
  5 ball pythons
  3 bats
  12 frilled lizards
  18 kobolds
  A leopard gecko skeleton (D:6)
  9 rats
319 creatures vanquished.

Vanquished Creatures (others)
  13 fungi
  51 plants
64 creatures vanquished.

Grand Total: 383 creatures vanquished

Notes
Turn   | Place    | Note
-------+----------+-------------------------------------------
     0 | D:1      | jiml777 the Gnoll Warper began the quest for the Orb.
     0 | D:1      | Reached XP level 1. HP: 20/20 MP: 6/6
   424 | D:1      | Reached XP level 2. HP: 21/26 MP: 7/7
   882 | D:1      | Reached skill level 5 in Spellcasting
   882 | D:1      | Reached XP level 3. HP: 30/31 MP: 7/9
  1293 | D:2      | You fall into a shaft and drop 1 floor!
  1320 | D:3      | Reached skill level 1 in Invocations
  1547 | D:3      | Noticed Robin
  1551 | D:3      | Reached skill level 1 in Short Blades
  1551 | D:3      | Reached skill level 1 in Long Blades
  1551 | D:3      | Reached skill level 1 in Maces & Flails
  1551 | D:3      | Reached skill level 1 in Polearms
  1551 | D:3      | Reached skill level 1 in Staves
  1551 | D:3      | Reached skill level 1 in Slings
  1551 | D:3      | Reached skill level 1 in Bows
  1551 | D:3      | Reached skill level 1 in Crossbows
  1551 | D:3      | Reached skill level 1 in Stealth
  1551 | D:3      | Reached skill level 1 in Shields
  1551 | D:3      | Reached skill level 1 in Unarmed Combat
  1551 | D:3      | Reached skill level 1 in Evocations
  1569 | D:3      | Killed Robin
  1569 | D:3      | Reached XP level 4. HP: 38/38 MP: 11/11
  1659 | D:3      | Noticed Blork the orc
  1668 | D:3      | Found a shimmering blue altar of Sif Muna.
  1762 | D:3      | Reached skill level 1 in Conjurations
  1762 | D:3      | Reached skill level 1 in Hexes
  1762 | D:3      | Reached skill level 1 in Summonings
  1762 | D:3      | Reached skill level 1 in Necromancy
  1762 | D:3      | Reached skill level 1 in Transmutations
  1762 | D:3      | Reached skill level 1 in Fire Magic
  1762 | D:3      | Reached skill level 1 in Ice Magic
  1762 | D:3      | Reached skill level 1 in Air Magic
  1762 | D:3      | Reached skill level 1 in Earth Magic
  1762 | D:3      | Reached skill level 1 in Poison Magic
  2084 | D:2      | Found a glowing silver altar of Zin.
  2264 | D:2      | Noticed Natasha
  2284 | D:2      | Killed Natasha
  2284 | D:2      | Reached XP level 5. HP: 21/43 MP: 12/12
  2349 | D:2      | Found a faded altar of an unknown god.
  2460 | D:2      | Noticed Natasha
  2473 | D:2      | Killed Natasha
  2584 | D:2      | Noticed Natasha
  2598 | D:2      | Killed Natasha
  2942 | D:4      | Noticed a phantom
  2955 | D:4      | Reached XP level 6. HP: 48/50 MP: 13/13
  3013 | D:4      | Killed a phantom
  3013 | D:4      | Reached skill level 5 in Fighting
  3013 | D:4      | Reached skill level 5 in Axes
  3013 | D:4      | Reached skill level 5 in Dodging
  3173 | D:4      | Reached XP level 7. HP: 35/56 MP: 15/15
  4097 | D:5      | Entered Level 5 of the Dungeon
  4264 | D:5      | Noticed a two-headed ogre
  4272 | D:5      | Found a glowing drain.
  4281 | Sewer    | Entered a sewer
  5113 | D:5      | Reached XP level 8. HP: 61/63 MP: 16/16
  5137 | D:5      | Killed a two-headed ogre
  5512 | D:5      | Noticed Ijyb
  5522 | D:5      | Killed Ijyb
  5522 | D:5      | Reached XP level 9. HP: 42/69 MP: 18/18
  5616 | D:5      | Learned a level 2 spell: Blink
  5620 | D:5      | Learned a level 3 spell: Gell's Gravitas
  5624 | D:5      | Learned a level 3 spell: Teleport Other
  5998 | D:6      | Learned a level 2 spell: Slow
  6140 | D:6      | Found a staircase to the Ecumenical Temple.
  6155 | D:6      | Reached skill level 5 in Throwing
  6155 | D:6      | Reached skill level 5 in Armour
  6285 | Temple   | Entered the Ecumenical Temple
  6347 | Temple   | Became a worshipper of Gozag Ym Sagoz the Greedy
  6828 | D:6      | Reached skill level 5 in Invocations
  7061 | D:7      | Found an ornate altar of the Wu Jian Council.
  7291 | D:7      | Found Peoghif's Magic Scroll Boutique.
  7306 | D:7      | Reached XP level 10. HP: 74/77 MP: 20/20
  7320 | D:7      | Bought a scroll of magic mapping for 45 gold pieces
  7320 | D:7      | Bought a scroll of amnesia for 45 gold pieces
  7320 | D:7      | Bought a scroll of identify for 26 gold pieces
  7320 | D:7      | Bought a scroll of enchant weapon for 97 gold pieces
  7320 | D:7      | Bought a scroll of enchant weapon for 97 gold pieces
  7320 | D:7      | Bought a scroll of identify for 26 gold pieces
  7448 | D:7      | You fall into a shaft and drop 2 floors!
  7452 | D:9      | Noticed a purple ugly thing
  7474 | D:9      | Killed a purple ugly thing
  7474 | D:9      | Reached skill level 5 in Short Blades
  7474 | D:9      | Reached skill level 5 in Long Blades
  7474 | D:9      | Reached skill level 5 in Maces & Flails
  7474 | D:9      | Reached skill level 5 in Polearms
  7474 | D:9      | Reached skill level 5 in Staves
  7474 | D:9      | Reached skill level 5 in Slings
  7474 | D:9      | Reached skill level 5 in Bows
  7474 | D:9      | Reached skill level 5 in Crossbows
  7474 | D:9      | Reached skill level 5 in Stealth
  7474 | D:9      | Reached skill level 5 in Shields
  7474 | D:9      | Reached skill level 5 in Unarmed Combat
  7474 | D:9      | Reached skill level 5 in Evocations
  7591 | D:9      | Noticed a deep elf mage
  7595 | D:9      | Noticed an orange demon
  7612 | D:9      | HP: 3/77 [deep elf mage/bolt of negative energy (20)]
  7628 | D:9      | Noticed a smoke demon
  7742 | D:8      | Noticed a two-headed ogre
  7855 | D:8      | Learned a level 1 spell: Magic Dart
  7896 | D:7      | Noticed Maggie
  7917 | D:7      | Killed Maggie
  8531 | D:8      | Got an ebony spear
  8531 | D:8      | Identified the +8 spear of Prudence {venom, Int+4} (You
                  | found it on level 8 of the Dungeon)
  8623 | D:8      | Found a staircase to the Lair.
  8644 | D:8      | HP: 1/78 [komodo dragon (18)]
  8821 | D:8      | Found a broken altar of Ashenzari.
  8844 | D:8      | Killed a two-headed ogre
  9208 | D:9      | Killed an unseen horror
  9208 | D:9      | Reached XP level 11. HP: 46/84 MP: 22/22
  9342 | D:9      | Found a shadowy altar of Dithmenos.
  9488 | D:9      | Reached skill level 5 in Conjurations
  9488 | D:9      | Reached skill level 5 in Hexes
  9488 | D:9      | Reached skill level 5 in Summonings
  9488 | D:9      | Reached skill level 5 in Necromancy
  9488 | D:9      | Reached skill level 5 in Transmutations
  9488 | D:9      | Reached skill level 5 in Fire Magic
  9488 | D:9      | Reached skill level 5 in Ice Magic
  9488 | D:9      | Reached skill level 5 in Air Magic
  9488 | D:9      | Reached skill level 5 in Earth Magic
  9488 | D:9      | Reached skill level 5 in Poison Magic
  9623 | D:9      | Found a bloodstained altar of Trog.
  9647 | D:9      | Killed a deep elf mage
  9885 | D:10     | Entered Level 10 of the Dungeon
  9930 | D:10     | Killed an unseen horror
 10064 | D:10     | Noticed a two-headed ogre
 10080 | D:10     | Killed a two-headed ogre
 10192 | D:10     | Noticed Grum
 10297 | D:10     | Killed Grum
 10407 | D:10     | Noticed a cyclops
 10422 | D:10     | Killed a cyclops
 10735 | Lair:1   | Entered Level 1 of the Lair of Beasts
 10761 | Lair:1   | Noticed a seven-headed hydra
 10761 | Lair:1   | Noticed an oklob plant
 10902 | Lair:1   | Killed a seven-headed hydra
 11112 | Lair:1   | Noticed a four-headed hydra
 11130 | Lair:1   | Killed a four-headed hydra
 11222 | Lair:1   | Learned a level 4 spell: Passage of Golubria
 11237 | Lair:1   | Reached XP level 12. HP: 94/94 MP: 13/24
 11491 | Lair:1   | Noticed an eight-headed hydra
 11510 | Lair:1   | Killed an eight-headed hydra
 12549 | Lair:2   | Learned a level 4 spell: Summon Lightning Spire
 12562 | Lair:2   | Found a staircase to the Swamp.
 12750 | Lair:2   | You fall into a shaft and drop 1 floor!
 13126 | Lair:3   | Found a staircase to the Snake Pit.
 13576 | Lair:3   | Noticed a five-headed hydra
 13588 | Lair:3   | Killed a five-headed hydra
 13590 | Lair:3   | Noticed a seven-headed hydra
 13606 | Lair:3   | Killed a seven-headed hydra
 14194 | Lair:4   | Found a runed translucent gate.
 14194 | Lair:4   | Found a runed translucent gate.
 14194 | Lair:4   | Found a runed translucent gate.
 14198 | Lair:4   | Noticed Melum's ghost (journeyman MiHu)
 14208 | Lair:4   | Noticed a five-headed hydra
 14209 | Lair:4   | Noticed a boulder beetle
 14229 | Lair:4   | Killed a five-headed hydra
 14229 | Lair:4   | Reached XP level 13. HP: 92/101 MP: 26/26
 14359 | Lair:4   | Slain by Melum's ghost

Illustrated notes

Levels and vault maps discovered:
D:1:      saegor_arrival_under_anarchy, layout_basic, minmay_pentomino_v4
D:2:      layout_basic, zin_statuary, chequers_ecumenical_altar_twisty,
          uniq_natasha
D:3:      layout_rooms, tgw_sif, kennysheep_flooded_box, uniq_robin
D:4:      layout_basic, kennysheep_small_square
D:5:      layout_cave_pools, cheibrodos_sewer_entry_drain,
          kennysheep_decorative_pillar, kennysheep_nondescript, uniq_ijyb
D:6:      lemuel_ice_spiral_2, layout_basic, minmay_temple_entry_gardened_gates
D:7:      layout_basic, lemuel_round_altar, serial_shops, shop_fountains,
          nrook_mini_vaults, uniq_maggie
D:8:      layout_basic, david_lair_shrubbed, ashenzari_altar_1
D:9:      layout_long_grid, trog_ov_bears_minmay,
          grunt_dithmenos_smoke_and_mirrors
D:10:     layout_rooms, uniq_grum
Temple:   hc_temple_tempest_star
Lair:1:   layout_regular_city, minmay_lair_oklob_chamber, lemuel_fruit_tree
Lair:2:   layout_roguey, minmay_swamp_entry_eels
Lair:3:   layout_gridlike, guppyfry_snake_entry_island, serial_bayou_shore_a
Lair:4:   layout_hall_layers, gammafunk_ghost_split

Skill      XL: |  1  2  3  4  5  6  7  8  9 10 11 12 13 |
---------------+----------------------------------------+-----
Spellcasting   | 5 6 7 8 9 |  9.5
Invocations    | 1 2 3 4 5 6 7 8 |  8.7
Short Blades   | 1 2 3 4 5 6 7 8 |  8.0
Long Blades    | 1 2 3 4 5 6 7 8 |  8.0
Maces & Flails | 1 2 3 4 5 6 7 8 |  8.0
Polearms       | 1 2 3 4 5 6 7 8 |  8.0
Staves         | 1 2 3 4 5 6 7 8 |  8.0
Slings         | 1 2 3 4 5 6 7 8 |  8.0
Bows           | 1 2 3 4 5 6 7 8 |  8.0
Crossbows      | 1 2 3 4 5 6 7 8 |  8.0
Stealth        | 1 2 3 4 5 6 7 8 |  8.0
Shields        | 1 2 3 4 5 6 7 8 |  8.0
Unarmed Combat | 1 2 3 4 5 6 7 8 |  8.0
Evocations     | 1 2 3 4 5 6 7 8 |  8.0
Conjurations   | 1 2 3 4 5 6 |  6.6
Hexes          | 1 2 3 4 5 6 |  6.6
Summonings     | 1 2 3 4 5 6 |  6.6
Necromancy     | 1 2 3 4 5 6 |  6.6
Transmutations | 1 2 3 4 5 6 |  6.6
Fire Magic     | 1 2 3 4 5 6 |  6.6
Ice Magic      | 1 2 3 4 5 6 |  6.6
Air Magic      | 1 2 3 4 5 6 |  6.6
Earth Magic    | 1 2 3 4 5 6 |  6.6
Poison Magic   | 1 2 3 4 5 6 |  6.6
Throwing       | 3 4 5 6 7 8 |  8.4
Armour         | 3 4 5 6 7 8 |  8.4
Fighting       | 5 6 7 8 9 |  9.2
Axes           | 5 6 7 8 9 |  9.2
Dodging        | 5 6 7 8 9 |  9.2
Translocations | 6 7 8 |  8.7

Action                   |  1- 3 |  4- 6 |  7- 9 | 10-12 | 13-15 || total
-------------------------+-------+-------+-------+-------+-------++-------
Melee: Hand axe          |   136 |   207 |   149 |   130 |       ||   622
       Bite              |    10 |    23 |    92 |   109 |     5 ||   239
       Punch             |       |     2 |    13 |    15 |       ||    30
       Short sword       |       |       |   385 |       |       ||   385
       Dagger            |       |       |    67 |       |       ||    67
       Spear             |       |       |    22 |   510 |    34 ||   566
 Cast: Magic Dart        |       |       |       |    41 |       ||    41
       Teleport Other    |       |       |       |     2 |       ||     2
       Slow              |       |       |       |    28 |     2 ||    30
       Blink             |       |       |       |     4 |     1 ||     5
       Passage of Golubr |       |       |       |     1 |       ||     1
 Abil: Evoke Flight      |       |       |     2 |       |       ||     2
  Use: Scroll            |       |     9 |     5 |    11 |       ||    25
       Potion            |       |       |     7 |     2 |     2 ||    11
 Stab: Sleeping          |       |     2 |     9 |     8 |       ||    19
       Distracted        |       |       |       |     6 |       ||     6
Armor: Leather armour    |    13 |       |       |       |       ||    13
       Acid dragon scale |    15 |    62 |   235 |   205 |    12 ||   529
       Chain mail        |     5 |       |       |       |       ||     5
Dodge: Dodged            |    85 |   145 |   495 |   483 |    25 ||  1233
Block: Buckler           |       |       |       |    36 |     8 ||    44

Table legend: (Time is in decaauts)
 A = Elapsed time spent in this place.
 B = Non-inter-level travel time spent in this place.
 C = Inter-level travel time spent in this place.
 D = Time resting spent in this place.
 E = Time spent auto-exploring this place.
 F = Levels seen in this place.
 G = Mean time per level.
                   A        B        C        D        E       F      G
               +--------+--------+--------+--------+--------+-----+--------+
         Total |  14448 |  14190 |    258 |   2576 |   5439 |  16 |  903.0 |
       Dungeon |   9825 |   9588 |    237 |   1946 |   3533 |  10 |  982.5 |
        Temple |     74 |     74 |      0 |      0 |     52 |   1 |   74.0 |
          Lair |   3544 |   3523 |     21 |    602 |   1517 |   4 |  886.0 |
         Sewer |   1003 |   1003 |      0 |     28 |    336 |   1 | 1003.0 |
               +--------+--------+--------+--------+--------+-----+--------+

Top non-repeatable levels by time:
  Lair:1: 1321 daAuts
     D:1: 1263 daAuts
     D:4: 1260 daAuts
     D:6: 1240 daAuts
     D:8: 1068 daAuts
   Sewer: 1003 daAuts
  Lair:3: 1003 daAuts
  Lair:2: 957 daAuts
     D:9: 928 daAuts
     D:2: 901 daAuts
     D:7: 853 daAuts
     D:5: 784 daAuts
    D:10: 779 daAuts
     D:3: 747 daAuts
  Lair:4: 261 daAuts
